 Dungeon Crawl Stone Soup version 0.23.2-33-g5129a83184 (webtiles) character file.

Game seed: 18045999812117003902

46 Revguard the Conjurer (level 3, 0/35 HPs)
             Began as an Ogre Conjurer on July 20, 2019.
             Slain by an adder (4 damage)
             ... on level 2 of the Dungeon.
             The game lasted 00:03:04 (905 turns).

Revguard the Conjurer (Ogre Conjurer)                Turns: 905, Time: 00:03:04

Health: 0/35       AC:  3    Str: 17    XL:     3   Next: 66%
Magic:  0/6        EV: 10    Int: 16    God:
Gold:   45         SH:  0    Dex:  7    Spells: 1/7 levels left

rFire    + . .     SeeInvis .   g - +0 club
rCold    + . .     Gourm    .   (no shield)
rNeg     . . .     Faith    .   a - +0 robe
rPois    +         Spirit   .   (helmet restricted)
rElec    +         Reflect  .   (no cloak)
rCorr    +         Harm     .   (gloves unavailable)
MR       +....                  (boots unavailable)
Stlth    +.........             (no amulet)
HPRegen  0.11/turn              h - -3 ring of dexterity (curse)
MPRegen  0.10/turn              i - ring of protection from magic

@: mighty, lethally poisoned (0 -> -14), resistant
A: large, unfitting armour, tough skin 1
a: no special abilities


You were on level 2 of the Dungeon.
You were not hungry.

You visited 1 branch of the dungeon, and saw 2 of its levels.

You collected 45 gold pieces.

Inventory:

Hand Weapons
 g - a +0 club (weapon)
Armour
 a - a +0 robe (worn)
Jewellery
 h - a cursed -3 ring of dexterity (left hand)
 i - a ring of protection from magic (right hand)
Comestibles
 c - 3 rations


   Skills:
 * Level 1.7 Fighting
 * Level 0.8 Maces & Flails
 + Level 1.9 Dodging
 - Level 1.4 Stealth
 + Level 2.6 Spellcasting
 + Level 4.2 Conjurations


You had one spell level left.
You knew the following spells:

 Your Spells              Type           Power        Failure   Level  Hunger
a - Magic Dart            Conj           ###.         3%          1    #......
b - Searing Ray           Conj           ###...       5%          2    ##.....
c - Dazzling Spray        Conj/Hex       #.....       24%         3    ###....

Your spell library contained the following spells:

 Spells                   Type           Power        Failure   Level  Hunger
 Iskenderun's Mystic Bla  Conj           ###.....     34%         4    #####..
 Force Lance              Conj/Tloc      #.......     63%         4    #####..
 Fulminant Prism          Conj/Hex       #.........   63%         4    #####..


Dungeon Overview and Level Annotations

Branches:
Dungeon (2/15)

Altars:


Innate Abilities, Weirdness & Mutations

You are too large for most types of armour.
You have tough skin. (AC +1)


Message History

You aren't carrying any scrolls.
You feel very mighty all of a sudden.
* * * LOW HITPOINT WARNING * * *
You feel sick. The adder bites you.
* * * LOW HITPOINT WARNING * * *
The adder bites you but does no damage.
You barely miss the adder.
The adder is severely wounded.
* * * LOW HITPOINT WARNING * * *
You feel sick. The adder closely misses you.
Casting: Magic Dart (safe; 3% risk of failure)
Confirm with . or Enter, or press ? or * to list all spells.
Aiming: Magic Dart (safe; 3% risk of failure)
Press: ? - help, Shift-Dir - straight line, f/p - adder
Aim: an adder (severely wounded)
The magic dart hits the adder.
The adder is almost dead.
* * * LOW HITPOINT WARNING * * *
You feel sick. The adder completely misses you. The adder bites you.
You die...

#.#.#..... .#.
############.#.#####.
.. .............#.#
#. #. ######.###.##.#
#. ##.# #.# #.##.# ##
#... #.# #.##.#
#.#.### #.# #.##.#
..##.....######.#
#.##.#
.......%...S@...#
#(##..
####.#...######## #.#
#.### #. .. .## #. #


You could see an adder.

Vanquished Creatures
  A worker ant (D:2)
  An ooze (D:2)
  2 dart slugs (D:1)
  2 giant cockroaches (D:1)
  2 goblins (D:1)
  A hobgoblin (D:1)
  2 jackals (D:1)
  A bat (D:2)
  2 kobolds (D:1)
14 creatures vanquished.

Notes
Turn   | Place    | Note
-------+----------+-------------------------------------------
     0 | D:1      | Revguard the Ogre Conjurer began the quest for the Orb.
     0 | D:1      | Reached XP level 1. HP: 16/16 MP: 3/3
   220 | D:1      | Reached XP level 2. HP: 26/26 MP: 1/5
   224 | D:1      | Learned a level 2 spell: Searing Ray
   375 | D:1      | Reached skill level 1 in Fighting
   753 | D:2      | Reached skill level 4 in Conjurations
   805 | D:2      | Reached XP level 3. HP: 35/35 MP: 0/6
   814 | D:2      | Learned a level 3 spell: Dazzling Spray
   905 | D:2      | Slain by an adder

Skill      XL: |  1  2 |
---------------+-------+-----
Fighting       | 1 |  1.7
Conjurations   | 4 |  4.2
Maces & Flails | |  0.8
Dodging        | |  1.9
Stealth        | |  1.4
Spellcasting   | |  2.6

Action                   || total
-------------------------++-------
Melee: Unarmed           ||     4
       Club              ||    15
 Cast: Magic Dart        ||    14
       Searing Ray       ||     6
       Dazzling Spray    ||     1
  Use: Scroll            ||     2
       Potion            ||     2
Armor: Robe              ||     7
Dodge: Dodged            ||    23
